 Dungeon Crawl Stone Soup version 0.20.0-10-g0535bb4 (console) character file.

1257 jeanjacques the Chopper (level 8, -10/70 HPs)
             Began as a Ghoul Fighter on June 5, 2017.
             Mangled by an ogre
             ... wielding a +0 giant club
              (13 damage)
             ... on level 8 of the Dungeon.
             The game lasted 00:08:29 (2054 turns).

jeanjacques the Chopper (Ghoul Fighter)             Turns: 2054, Time: 00:08:30

Health: -10/70     AC:  8    Str: 31    XL:     8   Next: 51%
Magic:  8/8        EV: 10    Int:  3    God:
Gold:   135        SH:  0    Dex:  8    Spells: 7/7 levels left

rFire    . . .     SeeInvis .   a - +0 war axe
rCold    + + .     Gourm    .   (no shield)
rNeg     + + +     Faith    .   b - +1 scale mail
rPois    ∞         Spirit   .   (no helmet)
rElec    .         Reflect  .   (no cloak)
rCorr    .         Harm     .   (no gloves)
MR       .....                  (no boots)
Stlth    ..........             (no amulet)
Regen    0.0/turn               m - ring of protection from cold
MPRegen  0.2/turn               q - +4 ring of strength

@: mighty, rotting
A: rotting body, claws 1, carnivore 3, cold resistance 1, negative energy
resistance 3, inhibited regeneration, torment resistance, unbreathing
a: no special abilities


You were on level 8 of the Dungeon.
You were not hungry.

You visited 1 branch of the dungeon, and saw 9 of its levels.

You collected 135 gold pieces.

Inventory:

Hand Weapons
 a - a +0 war axe (weapon)
 o - a +0 war axe
Missiles
 g - 59 stones (quivered)
 t - 15 poisoned needles
Armour
 b - a +1 scale mail (worn)
 c - a +0 shield
 w - a +1 leather armour of cold resistance
Jewellery
 m - a ring of protection from cold (left claw)
 p - an uncursed ring of flight
 q - a +4 ring of strength (right claw)
Wands
 s - a wand of random effects (12/48)
Scrolls
 e - 2 scrolls of enchant armour
 h - a scroll of teleportation {unknown}
 k - a scroll of magic mapping
 v - a scroll of torment
 x - a scroll of identify
Potions
 i - 2 potions of curing
 l - a potion of haste {unknown}
 n - a potion of flight {unknown}
 r - a potion of agility {unknown}
 u - a potion of mutation {unknown}
Comestibles
 f - 3 meat rations
 j - 2 chunks of flesh {@w1}


   Skills:
 + Level 5.7 Fighting
 + Level 7.5 Axes
 - Level 4.1 Armour
 - Level 2.6 Shields
 - Level 1.5 Evocations


You had 7 spell levels left.
You didn't know any spells.

Dungeon Overview and Level Annotations

Branches:
Dungeon (9/15)
 Temple: D:4-7         Lair: D:8-11         Orc: D:9-12

Altars:
Cheibriados
Gozag
Xom
Zin


Innate Abilities, Weirdness & Mutations

Your body is rotting away.
You thrive on raw meat.
You are immune to poison.
You have sharp fingernails.
You are carnivorous and can eat meat at any time.
Your flesh is cold resistant. (rC+)
You are immune to negative energy. (rN+++)
You do not regenerate when monsters are visible.
You are immune to unholy pain and torment.
You can survive without breathing.


Message History

The hippogriff resists with significant effort.
This wand has 12 charges left.
You hear a twanging sound.
An arrow appears from out of thin air!
The arrow hits you!
* * * LOW HITPOINT WARNING * * *
You completely miss the hippogriff. The hippogriff bites you.
* * * LOW HITPOINT WARNING * * *
The hippogriff pecks you but does no damage.
The hippogriff claws you.
* * * LOW HITPOINT WARNING * * *
You slice the hippogriff!!
The hippogriff is heavily wounded.
The hippogriff misses you.
The hippogriff pecks you but does no damage.
The hippogriff claws you.
* * * LOW HITPOINT WARNING * * *
The hippogriff bites you.
* * * LOW HITPOINT WARNING * * *
The hippogriff closely misses you.
The hippogriff claws you but does no damage.
You slash the hippogriff!
The hippogriff is severely wounded.
The hippogriff bites you but does no damage.
The hippogriff pecks you but does no damage.
The hippogriff claws you but does no damage.
It was a potion of curing.
You feel better. The hippogriff bites you.
* * * LOW HITPOINT WARNING * * *
The hippogriff pecks you but does no damage.
The hippogriff claws you.
* * * LOW HITPOINT WARNING * * *
You slice the hippogriff!!
You kill the hippogriff!
You slash the ogre!
You hear a twanging sound.
An arrow appears from out of thin air!
The arrow hits you.
* * * LOW HITPOINT WARNING * * *
You hear a twanging sound.
An arrow appears from out of thin air!
The arrow hits you but does no damage. The ogre hits you with a giant club!
You die...

###........##
............#......#.#.
............#.........
............#....#.#.
###.........#.......
#...#%..#.##..._.
#...#####.##.oO{ #...#
#.##.#(# ##.##
#.##.#n##
#.##.O).######
#....((.......
#####.###.PPP.
........# ...P.
.####...# .... #...#
#.. #...# #. #...#


You could see 2 ogres and an orc.

Vanquished Creatures
  A hippogriff (D:8)
  2 orc warriors
  An ice beast (D:8)
  An ogre (D:8)
  A necrophage (D:7)
  A big kobold (D:9)
  A bullfrog (D:7)
  3 killer bees (D:9)
  2 crimson imps
  A jelly (D:6)
  2 bullfrog skeletons (D:6)
  A hound (D:8)
  An orc priest (D:8)
  An orc wizard (D:7)
  An iguana (D:6)
  A worker ant (D:6)
  A hound skeleton (D:7)
  An adder (D:9)
  A shadow imp (D:5)
  3 leopard geckos
  3 orcs
  A ball python (D:6)
  A goblin (D:3)
  2 hobgoblins
  4 jackals (D:8)
  A frilled lizard (D:1)
  4 kobolds
43 creatures vanquished.

Vanquished Creatures (collateral kills)
  A killer bee (D:9)
1 creature vanquished.

Vanquished Creatures (others)
  An orc (D:8)
1 creature vanquished.

Grand Total: 45 creatures vanquished

Notes
Turn   | Place    | Note
-------+----------+-------------------------------------------
     0 | D:1      | jeanjacques the Ghoul Fighter began the quest for the Orb.
     0 | D:1      | Reached XP level 1. HP: 19/19 MP: 0/0
    71 | D:1      | Reached skill level 2 in Axes
   130 | D:3      | Found a shimmering altar of Xom.
   153 | D:5      | Entered Level 5 of the Dungeon
   205 | D:5      | Found an opulent altar of Gozag.
   288 | D:9      | Reached XP level 2. HP: 25/25 MP: 1/1
   323 | D:7      | Noticed a bullfrog
   333 | D:7      | Killed a bullfrog
   333 | D:7      | Reached skill level 4 in Axes
   333 | D:7      | Reached XP level 3. HP: 8/31 MP: 2/2
   333 | D:7      | Reached XP level 4. HP: 10/38 MP: 3/3
   401 | D:6      | Reached XP level 5. HP: 11/45 MP: 4/4
   489 | D:5      | Reached skill level 5 in Axes
   823 | D:6      | Reached XP level 6. HP: 44/51 MP: 5/5
  1035 | D:9      | Reached skill level 6 in Axes
  1052 | D:9      | Noticed a purple ugly thing
  1223 | D:7      | Reached skill level 3 in Armour
  1223 | D:7      | Reached skill level 1 in Evocations
  1224 | D:7      | Noticed an orc warrior
  1233 | D:7      | Killed an orc warrior
  1233 | D:7      | Reached XP level 7. HP: 27/57 MP: 5/7
  1792 | D:9      | Reached skill level 4 in Fighting
  1826 | D:7      | Found a glowing silver altar of Zin.
  1938 | D:8      | Reached skill level 4 in Armour
  1938 | D:8      | Reached XP level 8. HP: 26/67 MP: 8/8
  2031 | D:8      | Found a snail-covered altar of Cheibriados.
  2035 | D:8      | Reached skill level 7 in Axes
  2040 | D:8      | Noticed a hippogriff
  2048 | D:8      | Reached skill level 5 in Fighting
  2054 | D:8      | Killed a hippogriff
  2054 | D:8      | HP: 3/70 [something (6)]
  2054 | D:8      | Mangled by an ogre

Skill      XL: |  1  2  3  4  5  6  7  8 |
---------------+-------------------------+-----
Axes           | 2 4 5 6 7 |  7.5
Armour         | 3 4 |  4.1
Evocations     | 1 |  1.5
Fighting       | 4 5 |  5.7
Shields        | |  2.6

Action                   |  1- 3 |  4- 6 |  7- 9 || total
-------------------------+-------+-------+-------++-------
Melee: War axe           |    19 |   106 |    58 ||   183
Throw: Stone             |       |     1 |       ||     1
Evoke: Wand              |       |     8 |    15 ||    23
  Use: Scroll            |     2 |     1 |     2 ||     5
       Potion            |     1 |     1 |     3 ||     5
 Stab: Paralysed         |       |     2 |     5 ||     7
  Eat: Chunk             |     1 |     1 |     2 ||     4
Armor: Scale mail        |     5 |    57 |    40 ||   102
Dodge: Dodged            |    11 |    48 |    36 ||    95

Table legend:
 A = Turns spent in this place as a percentage of turns spent in the entire game.
 B = Non-inter-level travel turns spent in this place as a percentage of non-inter-level travel turns spent in the entire game.
 C = Inter-level travel turns spent in this place as a percentage of turns spent in this place.
 D = Turns resting spent in this place as a percentage of non-inter-level travel turns spent in this place.
 E = Turns spent auto-exploring this place as a percentage of non-inter-level travel turns spent in this place.
 F = Non-inter-level travel turns spent in this place divided by the number of levels of this place that you've seen.
                   A       B       C       D       E      F
               +-------+-------+-------+-------+-------+----------------------
         Total | 100.0 | 100.0 |   1.2 |   0.0 |   4.8 | 110.6
       Dungeon | 100.0 | 100.0 |   1.2 |   0.0 |   4.8 | 110.6
               +-------+-------+-------+-------+-------+----------------------

Table legend:
 A = Kills in this place as a percentage of kills in entire the game.
 B = Kills by you in this place as a percentage of kills by you in the entire game.
 C = Kills by friends in this place as a percentage of kills by friends in the entire game.
 D = Other kills in this place as a percentage of other kills in the entire game.
 E = Experience gained in this place as a percentage of experience gained in the entire game.
 F = Experience gained in this place divided by the number of levels of this place that you have seen.
                   A       B       C       D       E      F
               +-------+-------+-------+-------+-------+----------------------
         Total | 100.0 | 100.0 | 100.0 |  -nan | 100.0 | 199.7
       Dungeon | 100.0 | 100.0 | 100.0 |  -nan | 100.0 | 199.7
               +-------+-------+-------+-------+-------+----------------------

Vault maps used:
D:1:      eino_arrival_cavern_b, minmay_tetromino_o4
D:2:      nicolae_ru_path_of_blood, uniq_jessica, uniq_robin
D:3:      minmay_misc_feat_iff, dk_xom_monty_hall
D:4:      first_bread, uniq_grinder, uniq_ijyb
D:5:      lemuel_crystal_altar
D:6:      lightli_sewer_entry_pipes
D:7:      zin_scriptorium, temple_hall_moat
D:8:      gammafunk_temple_overflow_statue, cheibriados_altar_1,
          kiku_gazebo_garden_becter
D:9:      minmay_goldmine, grunt_lair_entry_orc_guard_hut

Action                   |  1- 3 |  4- 6 |  7- 9 || total
-------------------------+-------+-------+-------++-------
Melee: War axe           |    19 |   106 |    58 ||   183
Throw: Stone             |       |     1 |       ||     1
Evoke: Wand              |       |     8 |    15 ||    23
  Use: Scroll            |     2 |     1 |     2 ||     5
       Potion            |     1 |     1 |     3 ||     5
 Stab: Paralysed         |       |     2 |     5 ||     7
  Eat: Chunk             |     1 |     1 |     2 ||     4
Armor: Scale mail        |     5 |    57 |    40 ||   102
Dodge: Dodged            |    11 |    48 |    36 ||    95
